 Dungeon Crawl Stone Soup version 0.21-a0-344-g2144152 (webtiles) character file.

149 terra52 the Digger (level 5, -2/42 HPs)
             Began as a Formicid Earth Elementalist on Oct 4, 2017.
             Killed from afar by an orc wizard (4 damage)
             ... with a puff of flame
             ... on level 4 of the Dungeon.
             The game lasted 00:08:16 (1816 turns).

terra52 the Digger (Formicid Earth Elementalist)    Turns: 1816, Time: 00:08:16

Health: -2/42      AC:  5    Str:  9 (12) XL:     5   Next: 57%
Magic:  0/9        EV: 10    Int: 19 (20) God:
Gold:   195        SH:  0    Dex: 11 (12) Spells: 8/9 levels left

rFire    . . .     SeeInvis +   s - +2 dagger (venom)
rCold    . . .     Gourm    .   (no shield)
rNeg     + . .     Faith    .   t - +0 ring mail
rPois    .         Spirit   +   (helmet unavailable)
rElec    .         Reflect  .   (no cloak)
rCorr    .         Harm     .   (no gloves)
MR       +....                  (no boots)
Stlth    +.........             m - amulet of guardian spirit
HPRegen  0.14/turn              u - ring of positive energy
MPRegen  0.11/turn              w - ring of see invisible

@: brilliant, flying, very slightly contaminated, drained
A: permanent stasis, dig shafts and tunnels, four strong arms, antennae 3, claws
1, magic resistance 1
a: Dig, Shaft Self


You were on level 4 of the Dungeon.
You were not hungry.

You visited 1 branch of the dungeon, and saw 4 of its levels.

You collected 195 gold pieces.

Inventory:

Hand Weapons
 a - a +0 short sword
 s - a +2 dagger of venom (weapon)
Missiles
 b - 48 stones (quivered)
 y - a throwing net
Armour
 c - a +0 robe
 t - a +0 ring mail (worn)
Magical Staves
 h - an uncursed staff of wizardry
Jewellery
 m - an amulet of guardian spirit (around neck)
 n - an uncursed amulet of rage
 u - a ring of positive energy (left claw)
 w - a ring of see invisible (right claw)
Scrolls
 g - 4 scrolls of blinking {unknown}
 i - 3 scrolls of magic mapping {unknown}
 l - 2 scrolls of recharging {unknown}
 o - a scroll of identify {unknown}
 p - a scroll of enchant armour {unknown}
 v - 4 scrolls of amnesia {unknown}
 x - 4 scrolls of teleportation {unknown}
 C - a scroll of remove curse {unknown}
Books
 e - a book of Geomancy

   Spells                             Type                      Level
   a - Sandblast                      Earth                        1
   b - Passwall                       Transmutation/Earth          2
   c - Stone Arrow                    Conjuration/Earth            3
   d - Petrify                        Transmutation/Earth          4
   e - Lee's Rapid Deconstruction     Earth                        5
Comestibles
 d - 3 bread rations
 j - a royal jelly
 k - a meat ration
 r - 3 fruits
 D - a chunk of flesh


   Skills:
 + Level 3.8(3.3) Fighting
 + Level 1.7(1.3) Armour
 - Level 1.7(1.2) Dodging
 - Level 2.4(1.9) Stealth
 + Level 2.8(2.3) Spellcasting
   Level 1.1(0.6) Transmutations
 + Level 4.2(3.7) Earth Magic


You had 8 spell levels left.
You knew the following spells:

 Your Spells              Type           Power        Failure   Level  Hunger
a - Sandblast             Erth           ####..       1%          1    #......


Dungeon Overview and Level Annotations

Branches:
Dungeon (4/15)
 Temple: D:4-7

Altars:
Ashenzari
Nemelex Xobeh
Qazlal
Vehumet
Wu Jian
Xom
Yredelemnul
Zin


Innate Abilities, Weirdness & Mutations

You cannot be hasted, slowed, berserked, paralysed or teleported.
You can dig through walls and to a lower floor.
Your four strong arms can wield two-handed weapons with a shield.
You have a pair of large antennae on your head. (SInv)
You have sharp fingernails.
You are resistant to hostile enchantments. (MR+)


Message History

The orc wizard looks as sick as possible!
The orc wizard is lightly wounded.
The orc wizard gestures wildly while chanting.
The orc wizard blinks!
You hit the orc wizard.
The orc wizard is poisoned.
The orc wizard is moderately wounded.
The orc wizard gestures wildly while chanting.
The orc wizard seems to speed up.
The orc wizard hits you but does no damage.
You closely miss the orc wizard.
The orc wizard is heavily wounded.
The orc wizard gestures wildly while chanting.
The orc wizard blinks!
The orc wizard hits you but does no damage.
You hit the orc wizard.
The orc wizard looks as sick as possible!
The orc wizard is severely wounded.
The orc wizard casts a spell at you. The puff of flame hits you!
You die...

#.....#
##..)####
..#####
#.......#
.##
#.......#
.
#..o....#
#
#....)..#
#......o#
#.....oo#
#######o##
##@# ###


You could see 2 orc wizards and 3 orcs.

Vanquished Creatures
  An orc wizard (D:4)
  A worker ant (D:4)
  An adder (D:3)
  2 oozes
  A worm (D:3)
  A dart slug (D:3)
  5 leopard geckos
  7 orcs
  5 giant cockroaches
  6 goblins
  8 hobgoblins
  5 jackals (D:4)
  7 kobolds
  3 bats
  2 frilled lizards
  5 rats
60 creatures vanquished.

Notes
Turn   | Place    | Note
-------+----------+-------------------------------------------
     0 | D:1      | terra52 the Formicid Earth Elementalist began the quest for the Orb.
     0 | D:1      | Reached XP level 1. HP: 13/13 MP: 3/3
     2 | D:1      | Noticed a spriggan
     2 | D:1      | Noticed a felid
     4 | D:1      | Noticed a naga
     4 | D:1      | Noticed a tengu
     6 | D:1      | Noticed a demigod
     8 | D:1      | Noticed a draconian
     8 | D:1      | Noticed a gargoyle
    10 | D:1      | Noticed a vampire
    10 | D:1      | Noticed a merfolk
    12 | D:1      | Noticed a ghoul
    14 | D:1      | Noticed an octopode
    16 | D:1      | Noticed a formicid
    16 | D:1      | Noticed an ogre
    18 | D:1      | Noticed a human
    18 | D:1      | Noticed a halfling
    20 | D:1      | Noticed a troll
    22 | D:1      | Noticed a centaur
    22 | D:1      | Noticed a demonspawn
    24 | D:1      | Noticed a dwarf
    24 | D:1      | Noticed a minotaur
    26 | D:1      | Noticed a vine stalker
    26 | D:1      | Noticed an elf
    46 | D:1      | Reached skill level 1 in Fighting
    62 | D:1      | Reached XP level 2. HP: 18/22 MP: 0/5
   232 | D:1      | Reached XP level 3. HP: 28/28 MP: 2/6
   489 | D:2      | Found a shattered altar of Ashenzari.
   528 | D:2      | Found a shimmering altar of Xom.
   559 | D:2      | Found a sparkling altar of Nemelex Xobeh.
  1106 | D:3      | Reached XP level 4. HP: 30/35 MP: 4/7
  1283 | D:3      | Found a glowing silver altar of Zin.
  1285 | D:3      | Found a basalt altar of Yredelemnul.
  1286 | D:3      | Found a stormy altar of Qazlal.
  1290 | D:3      | Found a radiant altar of Vehumet.
  1391 | D:3      | Reached skill level 1 in Armour
  1578 | D:4      | Reached skill level 4 in Earth Magic
  1578 | D:4      | Reached XP level 5. HP: 41/41 MP: 6/8
  1704 | D:4      | Found an ornate altar of the Wu Jian Council.
  1805 | D:4      | Gained mutation: You have sharp fingernails. [potion of mutation]
  1805 | D:4      | Gained mutation: You are resistant to hostile enchantments. (MR+) [potion of mutation]
  1806 | D:4      | HP: 2/42 [orc wizard/enchanted dagger (2)]
  1812 | D:4      | HP: 1/42 [orc wizard/dagger of draining (1)]
  1816 | D:4      | Killed from afar by an orc wizard

Vault maps used:
D:1:      kb_arrival_jail
D:2:      nemelex_xobeh_ov_fountains_minmay, xom_teletrap_fun, first_bread,
          nicolae_ashenzari_panopticon
D:3:      minitemple, serial_forest, infiniplex_forest_clump_double,
          infiniplex_forest_straight_4, infiniplex_forest_end_1,
          infiniplex_forest_lined_corner, infiniplex_forest_straight_2,
          infiniplex_forest_clump_small, infiniplex_forest_lined_room_
D:4:      gammafunk_temple_overflow_wave, old_standard_altar, st_stairs_5,
          uniq_duvessa

Skill      XL: |  1  2  3  4 |
---------------+-------------+-----
Fighting       | 1 2 3 |  3.8
Armour         | 1 |  1.7
Earth Magic    | 4 |  4.2
Dodging        | |  1.7
Stealth        | |  2.4
Spellcasting   | |  2.8
Transmutations | |  1.1

Action                   |  1- 3 |  4- 6 || total
-------------------------+-------+-------++-------
Melee: Short sword       |    31 |       ||    31
       Dagger            |    24 |    63 ||    87
 Cast: Sandblast         |    26 |    13 ||    39
 Abil: Dig               |       |     2 ||     2
  Use: Potion            |       |     5 ||     5
  Eat: Chunk             |     1 |     3 ||     4
Armor: Robe              |     3 |       ||     3
       Ring mail         |     7 |    24 ||    31
Dodge: Dodged            |    33 |    38 ||    71

Table legend:
 A = Spawn XP
 B = Non-spawn XP
 C = Spawn XP percentage of total XP
 D = Spawn monster count
 E = Non-spawn monster count
 F = Spawn count percentage of total count
 G = Total turns spent on level
                    A         B        C        D         E        F      G
               +---------+---------+-------+---------+---------+-------+---------
         Total |       0 |     214 |   0.0 |       0 |      60 |   0.0 |  1816
               +---------+---------+-------+---------+---------+-------+---------
           D:1 |       0 |      44 |   0.0 |       0 |      23 |   0.0 |   487
           D:2 |       0 |       8 |   0.0 |       0 |       5 |   0.0 |   526
           D:3 |       0 |      60 |   0.0 |       0 |      18 |   0.0 |   601
           D:4 |       0 |     102 |   0.0 |       0 |      14 |   0.0 |   202
               +---------+---------+-------+---------+---------+-------+---------
